 Dungeon Crawl Stone Soup version 0.32-a0-132-g2d33c3c (webtiles) character file.

Game seed: 18174617310634675593

443 Dorkslayer the Ruffian (level 7, 0/46 HPs)
             Began as an Octopode Fighter on Feb 9, 2024.
             Slain by an ogre
             ... wielding a +0 giant spiked club
              (27 damage)
             ... on level 4 of the Dungeon.
             The game lasted 00:05:29 (2755 turns).

Dorkslayer the Ruffian (Octopode Fighter)           Turns: 2755, Time: 00:05:30

Health: 0/46       AC:  1    Str: 18    XL:     7   Next: 2%
Magic:  7/7        EV: 13    Int: 10    God:
Gold:   292        SH:  4    Dex: 11    Spells: 6/6 levels left

rFire   . .          .
                       - Unarmed
rCold   . . .        a - +0 buckler
rNeg    . . .        (helmet restricted)
rPois   .            (no amulet)
rElec   .            (no ring)
rCorr   .            (no ring)
SInv    .            (no ring)
Will    .....        (no ring)
Stlth   +++          (no ring)
HPRegen 0.27/turn    (no ring)
MPRegen 0.10/turn    (no ring)
                     (no ring)

%: no passive effects
@: no status effects
A: almost no armour, amphibious, 8 rings, camouflage 1, gelatinous body 1,
(nimble swimmer 1), tentacles
a: no special abilities


You were on level 4 of the Dungeon.
You visited 1 branch of the dungeon, and saw 4 of its levels.

You collected 292 gold pieces.

Inventory:

Hand Weapons
 n - a +0 mace
Missiles
 f - 2 boomerangs (quivered)
 g - a throwing net
 p - 6 silver javelins
Armour
 a - a +0 buckler (worn)
Talismans
 o - a beast talisman
Wands
 b - a wand of flame (9)
 e - a wand of polymorph (9)
Scrolls
 m - 2 scrolls of fog
Potions
 c - a potion of magic {unknown}
 d - a potion of curing
 h - a potion of heal wounds
 j - 2 potions of resistance
 k - a potion of enlightenment {unknown}
 l - a potion of berserk rage {unknown}


   Skills:
 * Level 3.5 Fighting
 + Level 1.4 Maces & Flails
 + Level 0.4 Throwing
 + Level 3.7 Dodging
 + Level 3.9 Stealth
 * Level 3.4 Shields
 + Level 4.9 Unarmed Combat
 * Level 0.1 Evocations
 * Level 1.4 Shapeshifting


You had 6 spell levels left.
You didn't know any spells.
Your spell library contained the following spells:

 Spells                   Type           Power      Damage    Failure   Level
 Sting                    Conj/Alch      0%         1d3       43%         1
 Summon Small Mammal      Summ           0%         N/A       43%         1
 Mercury Vapours          Alch/Air       0%         N/A       58%         2
 Call Canine Familiar     Summ           0%         N/A       82%         3
 Hailstorm                Conj/Ice       0%         3d5       82%         3
 Summon Ice Beast         Ice/Summ       0%         N/A       82%         3
 Olgreb's Toxic Radiance  Alch           0%         N/A       99%         4
 Summon Blazeheart Golem  Fire/Summ      0%         N/A       99%         4
 Iskenderun's Battlesphe  Conj           0%         2d6       100%        5
 Bombard                  Conj/Erth      0%         9d1       100%        6
 Sculpt Simulacrum        Ice/Alch       0%         N/A       100%        6
 Spellforged Servitor     Conj/Summ      0%         N/A       100%        7


Dungeon Overview and Level Annotations

Branches:
Dungeon (4/15)
 Temple: D:4-7

Altars:
Cheibriados
Hepliaklqana
Okawaru
Sif Muna
Vehumet
Zin

Annotations:
D:4 1 transporter, ironshield's ghost, amateur HOFi


Innate Abilities, Weirdness & Mutations

You cannot wear most types of armour.
You are amphibious.
You can wear up to eight rings at the same time.
Your skin changes colour to match your surroundings (Stealth+).
Your rubbery body absorbs attacks. (AC +1, EV +1)
((You are camouflaged when in or above water. (Stealth+)))
You have tentacles for arms and can constrict up to eight enemies at once.


Message History

The web tears apart.
You block the ribbon worm's attack.
You tentacle-slap the ribbon worm. You grab the ribbon worm.
You squeeze the ribbon worm.
The ribbon worm is heavily wounded.
You constrict the ribbon worm. You block the ribbon worm's attack.
You tentacle-slap the ribbon worm but do no damage.
You squeeze the ribbon worm.
The ribbon worm is severely wounded.
You constrict the ribbon worm. The ribbon worm barely misses you.
You tentacle-slap the ribbon worm.
You kill the ribbon worm!
You see here a ribbon worm corpse.
You open the door.
Found 12 gold pieces.
There is an open door here.
You now have 292 gold pieces (gained 12).
You open the door.
There is an open door here.
A hound comes into view.
The hound barks!
The hound closely misses you.
You tentacle-slap the hound. You grab the hound.
The hound is lightly wounded.
You constrict the hound. The hound bites you. The hound barely misses you.
You bludgeon the hound! You squeeze the hound.
You kill the hound!
You have reached level 7!
An ogre comes into view. It is wielding a +0 giant spiked club.
The ogre shouts!
You tentacle-slap the ogre.
The ogre is lightly wounded.
The ogre hits you with a +0 giant spiked club!!
You tentacle-slap the ogre.
The ogre is moderately wounded.
You bludgeon the ogre! You squeeze the ogre.
The ogre is heavily wounded.
The ogre hits you with a +0 giant spiked club!!
Ouch! That really hurt!
You die...

### #.# #.# #####.#
#....@# #########
#.###O# ........#
#.# ....
#######.####.#.#.###
....................
......#.#.####.#.###
......#†#... .#..
..... #.##### ###
##### ...


You could see an ogre.

Vanquished Creatures
  Grinder (D:3)
  A phantom (D:4)
  An orc priest (D:3)
  A hound (D:4)
  An orc wizard (D:3)
  An adder (D:3)
  5 dart slugs
  A ribbon worm (D:4)
  3 orcs
  9 endoplasms
  3 giant cockroaches
  6 hobgoblins
  4 quokkas
  3 ball pythons (D:1)
  7 bats
  3 frilled lizards
  4 goblins
  4 kobolds
  13 rats
71 creatures vanquished.

Notes
Turn   | Place    | Note
-------+----------+-------------------------------------------
     0 | D:1      | Dorkslayer the Octopode Fighter began the quest for the
                  | Orb.
     0 | D:1      | Reached XP level 1. HP: 16/16 MP: 1/1
    94 | D:1      | Reached XP level 2. HP: 11/21 MP: 2/2
   234 | D:1      | Found a faded altar of an unknown god.
   466 | D:1      | Reached XP level 3. HP: 26/26 MP: 3/3
   579 | D:1      | Reached skill level 1 in Stealth
  1097 | D:2      | Found a glowing silver altar of Zin.
  1492 | D:3      | Reached XP level 4. HP: 31/31 MP: 4/4
  1611 | D:3      | Found a radiant altar of Vehumet.
  1616 | D:3      | Reached skill level 3 in Unarmed Combat
  1662 | D:3      | Found an iron altar of Okawaru.
  1662 | D:3      | Found a snail-covered altar of Cheibriados.
  1870 | D:3      | Reached XP level 5. HP: 24/36 MP: 5/5
  2006 | D:3      | Noticed Grinder
  2010 | D:3      | Paralysed by Grinder for 5 turns
  2024 | D:3      | Killed Grinder
  2025 | D:3      | Reached skill level 1 in Maces & Flails
  2025 | D:3      | Reached skill level 4 in Unarmed Combat
  2025 | D:3      | Reached skill level 1 in Shapeshifting
  2025 | D:3      | Reached XP level 6. HP: 30/42 MP: 6/6
  2524 | D:4      | Found a transporter.
  2524 | D:4      | Noticed ironshield's ghost (amateur HOFi)
  2651 | D:4      | Found a shimmering blue altar of Sif Muna.
  2653 | D:4      | Found a hazy altar of Hepliaklqana.
  2742 | D:4      | Reached XP level 7. HP: 46/46 MP: 7/7
  2755 | D:4      | Slain by an ogre

Illustrated notes

Levels and vault maps discovered:
D:1:      zelgadis_glass_arrival_small, layout_basic,
          hellmonk_ecumenical_altar_zigzags
D:2:      layout_loops_cross, basic_altar, minmay_misc_feat_iff,
          grunt_decor_junction, minmay_gold_behind_fungi, corexii_shack
D:3:      layout_basic, nicolae_vehumet_altar_sigil,
          gammafunk_temple_overflow_wave, uniq_grinder
D:4:      layout_basic, mainiacjoe_overflow_catwalk_spiral,
          minmay_temple_entry_junction_2, gammafunk_ghost_mausoleum,
          serial_rivers, chequers_serial_rivers_marsh,
          chequers_serial_rivers_micro_b, chequers_serial_rivers_micro_c,
          chequers_serial_rivers_micro_c, st_stairs_12, hangedman_decor_points,
          minmay_goblin_outpost

Skill      XL: |  1  2  3  4  5 |
---------------+----------------+-----
Stealth        | 2 3 |  3.9
Unarmed Combat | 3 4 |  4.9
Maces & Flails | 1 |  1.4
Shapeshifting  | 1 |  1.4
Fighting       | |  3.5
Throwing       | |  0.4
Dodging        | |  3.7
Shields        | |  3.4
Evocations     | |  0.1

Action                     |  1- 3 |  4- 6 |  7- 9 || total
---------------------------+-------+-------+-------++-------
  Melee: Unarmed           |   101 |    61 |     3 ||   165
         Constrict         |    26 |    16 |       ||    42
         Tentacles         |    15 |     6 |     1 ||    22
         Punch             |     6 |     5 |       ||    11
  Throw: Javelin           |       |     7 |       ||     7
    Use: Scroll            |     3 |     5 |       ||     8
         Potion            |       |     1 |       ||     1
   Stab: Sleeping          |    15 |     4 |       ||    19
 Armour: Skin              |    25 |    28 |     2 ||    55
  Dodge: Dodged            |    51 |    38 |       ||    89
  Block: Buckler           |    11 |    16 |       ||    27

Table legend: (Time is in decaauts)
 A = Elapsed time spent in this place.
 B = Non-inter-level travel time spent in this place.
 C = Inter-level travel time spent in this place.
 D = Time resting spent in this place.
 E = Time spent auto-exploring this place.
 F = Levels seen in this place.
 G = Mean time per level.
                   A        B        C        D        E       F      G
               +--------+--------+--------+--------+--------+-----+--------+
         Total |   2756 |   2756 |      0 |      0 |   1834 |   4 |  689.0 |
       Dungeon |   2756 |   2756 |      0 |      0 |   1834 |   4 |  689.0 |
               +--------+--------+--------+--------+--------+-----+--------+

Top non-repeatable levels by time:
     D:3: 1019 daAuts
     D:1: 796 daAuts
     D:2: 683 daAuts
     D:4: 257 daAuts
